 Dungeon Crawl Stone Soup version 0.16.1-30-g34a7ffa (webtiles) character file.

157 Yawgmoth the Poker (level 5, -2/47 HPs)
             Began as a Minotaur Berserker on June 14, 2015.
             Was a Priest of Trog.
             Killed by divine providence
             ... invoked by an orc priest
              (15 damage)
             ... on level 3 of the Dungeon.
             The game lasted 00:08:54 (1955 turns).

Yawgmoth the Poker (Minotaur Berserker)             Turns: 1955, Time: 00:08:54

Health: -2/47      AC:  5    Str: 23    XL:     5   Next: 15%
Magic:  2/2        EV: 11    Int:  4    God:    Trog [***...]
Gold:   122        SH:  4    Dex:  9    Spells: 0 memorised, 4 levels left

rFire  + . .     SeeInvis .     a - +0 spear
rCold  + . .     Clarity  .     l - +0 ring mail
rNeg   . . .     SustAb   .     d - +2 buckler
rPois  +         Gourm    .     (helmet restricted)
rElec  +         Spirit   .     (no cloak)
rCorr  +         Warding  .     (no gloves)
rMut   .         Stasis   .     (no boots)
MR     .....                    q - amulet of faith
Stlth  ..........               (no ring)
                                (no ring)

@: exhausted, resistant, slowed, very slow, not resistant to hostile
enchantments, extremely unstealthy
A: retaliatory headbutt, horns 2
a: Burn Spellbooks, Berserk, Trog's Hand, Renounce Religion


You were on level 3 of the Dungeon.
You worshipped Trog.
Trog was most pleased with you.
You were hungry.

You visited 1 branch of the dungeon, and saw 3 of its levels.

You collected 122 gold pieces.

Inventory:

Hand weapons
 a - a +0 spear (weapon)
Armour
 b - a +0 animal skin
 d - a +2 buckler (worn)
 g - a +0 leather armour
 l - a +0 ring mail (worn)
Jewellery
 q - an amulet of faith (around neck)
Magical devices
 o - a wand of fireball (5)
Scrolls
 f - 2 scrolls of remove curse {unknown}
 j - a scroll of noise {unknown}
 p - 2 scrolls of identify {unknown}
Potions
 e - a potion of invisibility {unknown}
 i - a potion of mutation {unknown}
 k - a potion of resistance
 m - a potion of curing {unknown}
 n - 2 potions of brilliance {unknown}
Comestibles
 c - 3 bread rations
 h - a meat ration
 r - 3 chunks of flesh


   Skills:
 + Level 4.7 Fighting
 + Level 4.9 Polearms
 + Level 3.9 Armour
 + Level 3.1 Dodging


You had 4 spell levels left.
You didn't know any spells.

Dungeon Overview and Level Annotations

Branches:
Dungeon (3/15)

Altars:


Innate Abilities, Weirdness & Mutations

You reflexively headbutt those who attack you in melee.
You have a pair of horns on your head.


Message History

Press: ? - help, Dir - move target cursor, f - worm
Aim: a worm You reach to attack!
You hit the worm but do no damage. You hit the worm.
The worm is moderately wounded.
You hit the worm. You headbutt the worm!
The worm is almost dead.
The worm bites you!
* * * LOW HITPOINT WARNING * * *
You are too injured to fight recklessly!
You are too injured to fight recklessly!
You puncture the worm!
You kill the worm!
Trog accepts your kill. The orc priest completely misses you.
You hit the orc priest.
The orc priest is moderately wounded.
The orc priest calls down the wrath of Beogh upon you.
Something smites you!
You die...

##########o#.###
#o..o...w)......
#o########.#o###
#@# #)# #.# #>#
# #.# # #.# #
#.# # #.# # #.#


You could see an orc priest and an orc.

Vanquished Creatures
  An orc wizard (D:3)
  Ijyb (D:2)
  2 adders (D:2)
  3 gnolls (D:3)
  2 worms (D:3)
  A giant gecko (D:3)
  4 orcs (D:3)
  3 bats
  A giant cockroach (D:2)
  3 goblins (D:1)
  10 hobgoblins
  6 jackals
  2 giant newts
  6 kobolds
  A quokka (D:3)
  6 rats
52 creatures vanquished.

Notes
Turn   | Place    | Note
--------------------------------------------------------------
     0 | D:1      | Yawgmoth, the Minotaur Berserker, began the quest for the Orb.
     0 | D:1      | Reached XP level 1. HP: 19/19 MP: 1/1
   200 | D:1      | Reached skill level 4 in Polearms
   200 | D:1      | Reached XP level 2. HP: 20/27 MP: 1/1
   621 | D:1      | Acquired Trog's second power
  1102 | D:2      | Reached XP level 3. HP: 29/33 MP: 2/2
  1475 | D:2      | Noticed Ijyb
  1483 | D:2      | Killed Ijyb
  1483 | D:2      | Reached XP level 4. HP: 41/41 MP: 2/2
  1937 | D:3      | Reached XP level 5. HP: 26/47 MP: 2/2
  1955 | D:3      | Killed from afar by an orc priest

Action                   |  1- 3 |  4- 6 || total
-------------------------+-------+-------++-------
Melee: Spear             |    97 |    85 ||   182
Invok: Berserk           |     1 |     1 ||     2
  Use: Potion            |       |     1 ||     1
  Eat: Chunk             |     1 |     2 ||     3
       Pizza             |     1 |       ||     1
